Cogmind - Beta 9.6 @@@ ROGUE MODE // 2020.04.19 @ 09:58:19 Player: Mjolnir Result: Destroyed by G-34 Mercenary with Small Laser Performance ------------- Evolutions (0) 0 Regions Visited (1) 200 Robots Destroyed (19) 95 Value Destroyed (571) 571 Prototype IDs (2) 40 Alien Tech Used (0) 0 Bonus (0) 0 TOTAL SCORE: 906 Bonus ------- None Cogmind --------- Core Integrity 0/250 Matter 274/300 Energy 135/250 System Corruption 0% Temperature Cool (416) Movement Treading (180) Ox1 Location -10/Materials Parts ------- > --- POWER (1) -------- Ion Engine > --- PROPULSION (2) --- Light Treads Light Treads > --- UTILITY (2) ------ High-capacity Storage Unit High-capacity Storage Unit > --- WEAPON (2) ------- Medium Laser Beam Cannon > --- INVENTORY (20) --- Heat Sink Small Storage Unit Visual Processing Unit Sensor Array Signal Interpreter Medium Laser Light Assault Rifle Datajack Peak State ------------ > --- POWER ------------ Ion Engine > --- PROPULSION ------- Light Treads Compact Wheel > --- UTILITY ---------- Small Storage Unit High-capacity Storage Unit > --- WEAPON ----------- Assault Rifle Light Assault Rifle > --- INVENTORY -------- Light Ion Engine Light Treads Heat Sink High-capacity Storage Unit Visual Processing Unit Sensor Array Signal Interpreter EM Pulse Gun Datajack [Rating: 8] Favorites ----------- Power Light Ion Engine Engine Light Ion Engine Propulsion Light Treads Treads Light Treads Wheel Compact Wheel Utility High-capacity Storage Unit Storage High-capacity Storage Unit Weapon Light Assault Rifle Energy Gun EM Pulse Gun Energy Cannon Beam Cannon Ballistic Gun Light Assault Rifle Build | -11 -10 ------- Run | Scr Mat Slots Evolved . | . . Power . | . . Propulsion . | . . Utility . | . . Weapon . | . . Parts Attached 19 | 7 12 Power 3 | 1 2 Engine 3 | 1 2 Core . | . . Reactor . | . . Propulsion 5 | 3 2 Treads 4 | 2 2 Leg . | . . Wheel 1 | 1 . Hover . | . . Flight . | . . Utility 3 | 1 2 Device . | . . Storage 3 | 1 2 Processor . | . . Hackware . | . . Protection . | . . Artifact . | . . Weapon 8 | 2 6 Energy Gun 3 | . 3 Energy Cannon 1 | . 1 Ballistic Gun 4 | 2 2 Ballistic Cannon . | . . Launcher . | . . Special Weapon . | . . Impact Weapon . | . . Slashing Weapon . | . . Piercing Weapon . | . . Special Melee Weapon . | . . Unidentified Prototypes . | . . Parts Lost 8 | . 8 Power 2 | . 2 Propulsion 2 | . 2 Utility . | . . Weapon 4 | . 4 Highest Loss Streak 5 | . 5 Average Slot Usage (%) 89 | . 89 Engine 13 | . 13 Treads 19 | . 19 Wheel 5 | . 5 Storage 25 | . 25 Energy Gun 9 | . 9 Ballistic Gun 14 | . 14 Naked Turns . | . . Heaviest Build 72 | 12 72 Greatest Support 40 | 40 40 Greatest Overweight (x) 4 | . 4 Average Overweight (x) 1 | . 1 Largest Inventory Capacity 20 | 6 20 Average Capacity 16 | 5 16 Most Carried 11 | 4 11 Average Carried 7 | 2 7 Final Capacity 20 | 6 20 Final Carried 8 | 3 8 Class Distribution -------------------- 66% | Hauler-Mutant 33% | Mutant Dominant Class ---------------- Hauler-Mutant | -10/Materials Resources | -11 -10 ----------- Run | Scr Mat Matter Collected 518 | 189 329 Remotely . | . . Salvage Created 771 | . 771 Parts 44 | . 44 Haulers Intercepted 1 | . 1 Recyclers Shooed . | . . Parts Field Recycled . | . . Retrieved Matter . | . . Parts Self-Destructed . | . . Prevented . | . . Kills | -11 -10 ------- Run | Scr Mat Combat Hostiles Destroyed 14 | . 14 Guns 9 | . 9 AOE 5 | . 5 Classes Destroyed 5 | . 5 Builder 1 | . 1 Tunneler 1 | . 1 Hauler 1 | . 1 Watcher 2 | . 2 Grunt 14 | . 14 Best Kill Streak 3 | . 3 Combat Bots Only 3 | . 3 Max Kills in Single Turn 2 | . 2 Gunslinging . | . . Exploded 2 | . 2 Melee . | . . Uniques/NPCs Destroyed . | . . Combat | -11 -10 -------- Run | Scr Mat Damage Taken 1424 | . 1424 Core 253 | . 253 Absorbed by Shields . | . . Core Remaining (%) 100 | 100 . Volleys Fired 78 | . 78 Largest 2 | . 2 Hottest 110 | . 110 Shots Fired 145 | . 145 Gun 132 | . 132 Cannon 13 | . 13 Launcher . | . . Special . | . . Kinetic 99 | . 99 Thermal 21 | . 21 Explosive . | . . Electromagnetic 25 | . 25 Robot Hit Streak 13 | . 13 Robot Miss Streak 2 | . 2 Penetration Max . | . . Secondary Targets . | . . Shots Hit Robots 104 | . 104 Core Hits 39 | . 39 Critical Hits . | . . Critical Kills . | . . Critical Parts Destroyed . | . . Melee Attacks . | . . Impact . | . . Slashing . | . . Piercing . | . . Sneak Attacks . | . . Combat Hostiles . | . . Follow-up Attacks . | . . Damage Inflicted 1407 | . 1407 Guns 920 | . 920 Cannons 225 | . 225 Explosions 236 | . 236 Melee . | . . Ramming 26 | . 26 Kinetic 624 | . 624 Thermal 507 | . 507 Explosive . | . . Electromagnetic 250 | . 250 Impact . | . . Slashing . | . . Piercing . | . . Highest Corruption . | . . Average Corruption . | . . Corruption Purged . | . . Overload Shots . | . . Overflow Damage 30 | . 30 Projectiles 26 | . 26 Explosions 4 | . 4 Melee . | . . Knockbacks . | . . Impact . | . . Kinetic . | . . Secondary . | . . Self-Inflicted Damage 122 | . 122 Shots 3 | . 3 Rammed 2 | . 2 Targets Rammed 2 | . 2 Kicked . | . . Crushed . | . . Highest Temperature 410 | . 410 Average Temperature 61 | . 61 Received Heat Transfer 723 | . 723 Effects 2 | . 2 Interference 1 | . 1 Matter Decay 1 | . 1 Siege Activations . | . . Robots Corrupted . | . . Combat Hostiles . | . . Parts Fried . | . . Impact Corruptions . | . . Robots Melted . | . . Combat Hostiles . | . . Parts Melted 1 | . 1 Heat Transferred 843 | . 843 Parts Sabotaged . | . . Parts Stolen . | . . Parts Stripped . | . . Power Chain Reactions 3 | . 3 Missiles Intercepted . | . . Alert | -11 -10 ------- Run | Scr Mat Peak Influence 171 | . 171 Average Influence 48 | . 51 Maximum Alert Level . | . . Low Security (%) 100 | 100 100 Level 1 . | . . Level 2 . | . . Level 3 . | . . Level 4 . | . . Level 5 . | . . High Security . | . . Max Security . | . . Squads Dispatched 4 | . 4 Investigation 2 | . 2 Extermination . | . . Reinforcement 2 | . 2 Assault . | . . Garrison . | . . Intercept . | . . Construction Impeded . | . . Haulers Reinforced . | . . Stealth | -11 -10 --------- Run | Scr Mat Distress Signals 2 | . 2 Communications Jammed . | . . Distress Signals . | . . Times Spotted 28 | . 28 Peak Tracking Total 4 | . 4 Tactical Retreats 2 | . 2 Traps | -11 -10 ------- Run | Scr Mat Traps Triggered 2 | . 2 Indirectly . | . . Trap Hack Attempts . | . . Triggered . | . . Disarmed . | . . Reprogrammed . | . . Reused . | . . Traps Extracted . | . . Installed . | . . Triggered . | . . Machines | -11 -10 ---------- Run | Scr Mat Machines Disabled 1 | . 1 Max in Single Turn 1 | . 1 Machines Sabotaged . | . . Garrisons Compromised . | . . Overloaded Fab Kills . | . . Fab Network Shutdowns . | . . Hacking | -11 -10 --------- Run | Scr Mat Machines Accessed 5 | . 5 Terminals 4 | . 4 Fabricators . | . . Repair Stations 1 | . 1 Recycling Units . | . . Scanalyzers . | . . Garrison Access . | . . Total Hacks 16 | . 16 Successful 10 | . 10 Failed 6 | . 6 Catastrophic 1 | . 1 Database Lockouts . | . . Manual 11 | . 11 Terminals 12 | . 12 Fabricators . | . . Repair Stations 4 | . 4 Recycling Units . | . . Scanalyzers . | . . Garrison Access . | . . Terminal Hacks 3 | . 3 Prototype ID Bank 1 | . 1 Unreport Threat 2 | . 2 Fabricator Hacks . | . . Repair Station Hacks 3 | . 3 Scan Component 2 | . 2 Repair 1 | . 1 Recycling Unit Hacks . | . . Scanalyzer . | . . Garrison Access Hacks . | . . Unauthorized Hacks 4 | . 4 Terminals 4 | . 4 Track 2 | . 2 Botnet 2 | . 2 Fabricators . | . . Repair Stations . | . . Recycling Units . | . . Scanalyzers . | . . Garrison Access . | . . Data Cores Recovered . | . . Used . | . . Hacking Detections 5 | . 5 Full Trace Events 1 | . 1 Feedback Events . | . . Feedback Blocked . | . . Robot Schematics Acquired . | . . Robots Built . | . . Matter . | . . Time . | . . Total Robot Build Rating . | . . Part Schematics Acquired . | . . Parts Built . | . . Matter . | . . Time . | . . Total Part Build Rating . | . . Parts Repaired 1 | . 1 Time 26 | . 26 Parts Recycled . | . . Recycled Matter . | . . Retrieved Matter . | . . Retrieved Components . | . . Parts Scanalyzed . | . . Part Schematics Acquired . | . . Parts Damaged . | . . Bothacking | -11 -10 ------------ Run | Scr Mat Used RIF Installer . | . . Robots Hacked . | . . Non-combat . | . . Combat . | . . Robot Hacks Applied . | . . Relay Couplers Released . | . . Robots Rewired . | . . Allies Hacked . | . . Hacks Repelled . | . . Allies | -11 -10 -------- Run | Scr Mat Total Allies . | . . Largest Group . | . . Highest-Rated Group . | . . Highest-Rated Ally . | . . Total Orders . | . . Ally Attacks . | . . Total Damage . | . . Kills . | . . Allies Corrupted . | . . Allies Melted . | . . Intel | -11 -10 ------- Run | Scr Mat Robot Analysis Total . | . . Derelict Logs Recovered . | . . Drone Launches . | . . Drone Recoveries . | . . Exploration | -11 -10 ------------- Run | Scr Mat Turns Passed 1260 | 77 1183 Spaces Moved 620 | 59 561 Core 14 | 14 . Treads 322 | 16 306 Legs . | . . Wheels 284 | 29 255 Hover . | . . Flight . | . . Fastest Speed 50 | 50 100 Average Speed 150 | 104 154 Slowest Speed 220 | 160 220 Overloaded Moves . | . . Propulsion Burnouts . | . . Robots Hopped . | . . Cave-ins Triggered . | . . Exploration Rate (%) 41 | 4 78 Regions Visited 1 Branch Regions . Pre-discovered Areas . | . . Known Exits Taken . | . . Unknown Exits Taken 1 | 1 . Scrap Searched . | . . Spaces Dug . | . . Terrain Destroyed 4 | . 4 Melee . | . . Projectile . | . . AOE 4 | . 4 Actions | -11 -10 --------- Run | Scr Mat Total 813 | 72 741 Wait 69 | . 69 Move 619 | 58 561 Hop . | . . Pick Up 24 | 7 17 Fast Attach 2 | 2 . Attach 14 | 4 10 Detach . | . . Swap 3 | 1 2 Drop 2 | . 2 Fire 78 | . 78 Melee . | . . Ram 2 | . 2 Kick . | . . Crush . | . . Escape Stasis . | . . Rewire . | . . Trap . | . . Miscellaneous . | . . Route ------- -11/Scrapyard -10/Materials (discovered 3 exits: [*Mat x3]) History --------- Turn | Location | Event 11 | -11/Scrapyard | Discovered new exit (range 15) 78 | -11/Scrapyard | Entered Materials 304 | -10/Materials | Build established: Mutant 351 | -10/Materials | Discovered new exit (range 12) 476 | -10/Materials | Repaired Assault Rifle 518 | -10/Materials | Core integrity fell below 50% 564 | -10/Materials | Lost 5 parts (1p2n2w) 588 | -10/Materials | Core integrity fell below 20% 732 | -10/Materials | Build established: Hauler-Mutant 760 | -10/Materials | Discovered new exit (range 7) 1088 | -10/Materials | Discovered new exit (range 15) 1261 | -10/Materials | Destroyed by G-34 Mercenary with Small Laser Last Messages --------------- 01208_ Acquired 11 matter. 01210_ Acquired 1 matter. 01233_ Lgt. Ion Engine destroyed. 01247_ G-47 Trooper heat damages Lgt. Nuclear Core, Aluminum Leg, Imp. Heat Sink. 01249_ Destroyed Lgt. Nuclear Core. 01250_ G-47 Trooper heat spikes uncontrollably. 01251_ Overheating: System interference. 01251_ Lgt. Assault Rifle temporarily disabled. 01251_ G-47 Trooper overheating. 01252_ G-47 Trooper heat spikes uncontrollably. 01252_ G-47 Trooper overheating. 01253_ Overheating: Matter decay (-34). 01253_ G-47 Trooper overheating. 01253_ R-06 Scavenger collects Structural Scanner. 01254_ G-47 Trooper overheating. 01255_ Destroyed Aluminum Leg. 01255_ Destroyed Particle Gun. 01256_ G-47 Trooper overheating. 01258_ G-47 Trooper heat damages Aluminum Leg. Map ----- +----------------------------------------------------+ | ???# ## """ """ "???????????????????????????+ | | ???# ## ?????????????????????????????# | | ???# ## ???????????????????????????????# | | ???# *!## ?????????????????????????????????# | | #### =%###+##################?????????????????# | | ==! ! ?????????????????# | | < ! =% ????????????????? | | % ???????????????? | | ###+##### [ ##########?????????????????? | | # ## ###????????????????????????# ##### | | # ## ! ""#????????????????????????# ????? | | # ## T"#????????????????????????#?????? | | # // ## """ ""#????????????#?????????????????? | | #! /// ## """ ###??????????? +?????????????????? | | # /// ## """ ###### ??????? #?????????????????? | | ######### / ?????? #?????????????????? | | """ # #??????? #?????????????????? | | """"" # """ #?????? #?????????????????? | | """"" # """ #?????? ######????????????? | | """"" # """ ####### ?????????????? | | """ # k ???????????????? | | # g ????????????????? | | # """ < #?????????????????? | | = =! # """ ??????????????????? | | ###/##### """ o g ##?????????????????????? | | # =%[ r @#??????????????????????? | | # = ##########?????????????? | | ###+#########+########## %#! ^ #?????????????? | | """ """ #?# # # *# """" #?????????????? | | """ """ #?# """ # """ + # """ #?????????????? | | """ """ #?# """ # """ # # """" #?????????????? | | #?# """ # """/# +^ #?????????????? | | #?# # # # #?????????????? | | [[ #?# ! # # # ^ #?????????????? | | #?######## ! + + "T" #?????????????? | | [[ #????????# #### """ #?????????????? | | #########????????# "T" #??##########?????????????? | | ?????????????????#######?????????????????????????? | | ?????????????????????????????????????????????????? | | | | | | | | | | | | | | | | | | | | | | | +----------------------------------------------------+ Best States ------------- Heat Dissipation 25 Energy Generation 10 Energy Capacity 250 Matter Stores 300 Matter Capacity 300 Sight Range 16 Terrain Scan Density 10 Evasion (%) 50 Recoil Reduction 2 Item Schematics ----------------- None Robot Schematics ------------------ None Fabricated ------------ Nothing Alien Tech Used ----------------- None Achievements -------------- True Hacker Challenges ------------ None Game ------ Seed AutogunReflectiveMatter Manual? 0 Play Time 00:13:03 Cumulative 16.4 hours Start 2020.04.19 @ 09:45:59 End 2020.04.19 @ 09:58:19 Sessions 1 Manual Loads 0 Difficulty Rogue Special Mode None Game No. 16 Rogue 16 Adventurer 0 Explorer 0 Win Type - Total 0 Types 0/0/0/0/0/0/0 Lore% 17 Gallery% 17 Achievement% 16 Wizard Run 0 Options --------- ASCII 0 Keyboard 0 Movement Mouse Keybinds 0 Fullscreen 2 Font 18/X11Bold Map View 76x50 Tactical HUD 1 Map Filters NONE Filters NONE Steam 1 RUN: 7337b7dc-40ea-4916-8765-e619d0d625d9